 Dungeon Crawl Stone Soup version 0.29.1-15-g9cfb28693d (webtiles) character file.

Game seed: 3270222815029811076

590 javelincjr the Agent of Entropy (level 7, 0/55 HPs)
             Began as a Demonspawn Abyssal Knight on Mar 23, 2023.
             Was a Priest of Lugonu.
             Killed by divine providence
             ... invoked by an orc priest
              (13 damage)
             ... on level 5 of the Dungeon.
             The game lasted 00:18:39 (5841 turns).

javelincjr the Agent of Entropy (DsAK)              Turns: 5841, Time: 00:18:39

Health: 0/55       AC: 13    Str: 14    XL:     7   Next: 16%
Magic:  10/10      EV:  7    Int: 13    God:    Lugonu [***...]
Gold:   251        SH:  0    Dex: 13    Spells: 6/6 levels left

rFire   . . .      SeeInvis .   a - +2 hand axe
rCold   . . .      Faith    .   (no shield)
rNeg    + . .      Spirit   .   y - +0 chain mail
rPois   .          Reflect  .   (no helmet)
rElec   .          Harm     .   (no cloak)
rCorr   .          Rampage  .   (no gloves)
Will    .....                   s - +1 pair of boots
Stlth   ..........              (no amulet)
HPRegen 0.18/turn               j - ring of wizardry
MPRegen 0.12/turn               v - ring of positive energy

@: no status effects
A: icy blue scales 1, ignite blood 1, spiny 1, weakness stinger 2
a: Renounce Religion, Depart the Abyss, Bend Space, Banish


You were on level 5 of the Dungeon.
You worshipped Lugonu.
Lugonu was most pleased with you.
You visited 2 branches of the dungeon, and saw 6 of its levels.
You visited the Abyss 1 time.

You collected 251 gold pieces.

Inventory:

Hand Weapons
 a - a +2 hand axe (weapon)
 x - a +2 quarterstaff of speed
Missiles
 t - 4 poisoned darts (quivered)
Armour
 g - a +0 scale mail
 s - a +1 pair of boots (worn)
 y - a +0 chain mail (worn)
Jewellery
 j - a ring of wizardry (left hand)
 v - a ring of positive energy (right hand)
Wands
 d - a wand of roots (12)
 e - a wand of flame (18)
Scrolls
 f - 3 scrolls of teleportation
 k - a scroll of magic mapping
 r - 3 scrolls of blinking
Potions
 b - a potion of mutation {unknown}
 c - 3 potions of brilliance
 i - 2 potions of attraction {unknown}
 m - 3 potions of degeneration {unknown}
 n - 2 potions of haste {unknown}
 p - 3 potions of curing {unknown}
 z - a potion of lignification {unknown}


   Skills:
 + Level 4.4 Fighting
 + Level 3.5 Axes
 + Level 3.5 Armour
 + Level 3.1 Dodging
 + Level 5.1 Invocations


You had 6 spell levels left.
You didn't know any spells.
Your spell library was empty.

Dungeon Overview and Level Annotations

Branches:
Dungeon (5/15)             Temple (1/1) D:4

Altars:
Ashenzari
Cheibriados
Fedhas
Gozag
Makhleb
Okawaru
Qazlal
Trog
Uskayaw
Wu Jian
Yredelemnul

Shops:
D:1 ?


Innate Abilities, Weirdness & Mutations

You are partially covered in icy blue scales. (AC +2)
Your demonic aura sometimes causes spilled blood to erupt in flames.
You are partially covered in sharp spines.
You have a tail ending in a sharp stinger.


Message History

A water moccasin comes into view.
The water moccasin hisses angrily.
An orc priest comes into view. It is wielding a +0 club.
You barely miss the orc priest.
An orc comes into view. It is wielding a +0 trident.
An orc comes into view. It is wielding a +0 club.
The orc priest is struck by your spines.
The orc priest hits you with a +0 dagger.
The orc shouts!
You hit the orc priest.
The orc priest is moderately wounded.
You barely miss the water moccasin. The water moccasin bites you.
The orc priest hits you but does no damage.
The water moccasin barely misses you.
You closely miss the orc priest.
The orc priest is moderately wounded.
You hit the water moccasin. The water moccasin bites you.
The orc priest casts a cantrip, but nothing happens.
You hit the orc priest.
The orc priest is severely wounded.
You barely miss the water moccasin. The water moccasin closely misses you.
The orc priest invokes the aid of Beogh against you.
Pain shoots through your body!
The water moccasin is struck by your spines.
The water moccasin bites you.
The orc priest hits you but does no damage.
The orc priest mumbles some strange prayers to Beogh against you.
Beogh smites you!
You are too injured to fight recklessly!
You hit the orc priest.
The orc priest is almost dead.
You hit the water moccasin. The water moccasin bites you.
* * * LOW HITPOINT WARNING * * *
The orc priest calls down the wrath of Beogh upon you.
You struggle to resist.
The water moccasin is struck by your spines.
The water moccasin bites you but does no damage.
The orc priest invokes the aid of Beogh against you.
Beogh smites you!
You die...

#.......+ #.......#
#......##
#######......!.
##....##......#
+.....##......#
#.............#
#.............#######8..
#...............@oo.....
#.....##.........S..o...
##....##..†.........o...
#........<....##...##'##
#.....##......###### ..
#.....##......# .
#.##+###.......#
##....##.......#
#.....#........#


You could see a water moccasin, 2 orc priests and 2 orcs.

Vanquished Creatures
  A wyvern (D:5)
  An ogre (D:4)
  A centaur (D:3)
  A scorpion (D:4)
  A howler monkey (D:5)
  Natasha (D:3)
  6 adders
  An adder skeleton (D:2)
  An adder zombie (D:2)
  2 dart slugs
  3 orcs
  A bat skeleton (D:2)
  9 endoplasms
  5 giant cockroaches
  5 goblins
  6 hobgoblins
  10 jackals
  12 kobolds
  5 quokkas
  4 ball pythons
  A ball python skeleton (D:2)
  A ball python zombie (D:2)
  4 bats
  2 frilled lizards
  2 quokka skeletons (D:2)
  11 rats
97 creatures vanquished.

Vanquished Creatures (others)
  A fungus (D:2)
  12 plants (D:2)
  13 withered plants (D:2)
26 creatures vanquished.

Grand Total: 123 creatures vanquished

Notes
Turn   | Place    | Note
-------+----------+-------------------------------------------
     0 | Abyss:1  | javelincjr the Demonspawn Abyssal Knight began the quest
                  | for the Orb.
     0 | Abyss:1  | Reached XP level 1. HP: 18/18 MP: 2/2
     5 | Abyss:1  | Found a corrupted altar of Lugonu.
    44 | Abyss:1  | Noticed a smoke demon
    52 | D:1      | Escaped the Abyss
   231 | D:1      | Found Uruir's Magic Scroll Shoppe.
   326 | D:1      | Reached ** piety under Lugonu
   327 | D:1      | Reached skill level 1 in Dodging
   920 | D:1      | Gained mutation: Your demonic aura sometimes causes spilled
                  | blood to erupt in flames. [demonic ancestry]
   920 | D:1      | Reached XP level 2. HP: 21/24 MP: 4/4
  1378 | D:1      | Reached skill level 3 in Invocations
  1453 | D:1      | Gained mutation: You have a small tail. [demonic ancestry]
  1453 | D:1      | Reached XP level 3. HP: 29/29 MP: 5/5
  2227 | D:2      | Reached *** piety under Lugonu
  2301 | D:2      | Found a faded altar of an unknown god.
  2391 | D:2      | Gained mutation: You have a tail ending in a sharp stinger.
                  | [demonic ancestry]
  2391 | D:2      | Reached XP level 4. HP: 35/35 MP: 6/6
  2945 | D:3      | Noticed Natasha
  2946 | D:3      | Found a blossoming altar of Fedhas.
  2954 | D:3      | Killed Natasha
  3264 | D:3      | Noticed a centaur
  3382 | D:3      | Found a hide-covered altar of Uskayaw.
  3492 | D:3      | Killed a centaur
  3493 | D:3      | Reached skill level 4 in Invocations
  3493 | D:3      | Gained mutation: You are partially covered in sharp spines.
                  | [demonic ancestry]
  3493 | D:3      | Reached XP level 5. HP: 28/42 MP: 6/8
  3616 | D:3      | Noticed Natasha
  4046 | D:4      | Found an iron altar of Okawaru.
  4100 | D:4      | Gained mutation: You are partially covered in icy blue
                  | scales. (AC +2) [demonic ancestry]
  4100 | D:4      | Reached XP level 6. HP: 46/48 MP: 9/9
  4278 | D:4      | Reached **** piety under Lugonu
  4306 | D:4      | Found a stormy altar of Qazlal.
  4639 | D:4      | Found a staircase to the Ecumenical Temple.
  4648 | Temple   | Entered the Ecumenical Temple
  5488 | D:5      | Entered Level 5 of the Dungeon
  5500 | D:5      | Noticed a wyvern
  5510 | D:5      | HP: 2/48 [wyvern (7)]
  5512 | D:5      | Killed a wyvern
  5513 | D:5      | Reached skill level 5 in Invocations
  5513 | D:5      | Reached XP level 7. HP: 1/55 MP: 10/10
  5841 | D:5      | Killed from afar by an orc priest

Illustrated notes

Levels and vault maps discovered:
D:1:      dpeg_arrival_simpleton_a, layout_loops_ring, serial_shops, shop
D:2:      minmay_razor_zed, layout_rooms, serial_undead, serial_undead_e,
          serial_undead_f, serial_undead_f, serial_undead_e, serial_undead_f,
          serial_undead_b, serial_undead_a, shapermc_ecumenical_altar_hornbeckon
D:3:      layout_basic, eat_drink_and_be_merry_uskayaw, lemuel_crystal_altar,
          uniq_natasha
D:4:      layout_layer_cave, okawaru_trees_2, general_overflow_altar,
          minmay_temple_entry_antechambers
D:5:      layout_gridville, serial_shops, nicolae_take_the_stairs,
          nicolae_shop_bloodbath_and_beyond, nicolae_stop_n_shop_2,
          ebering_ghost_sewer_d
Temple:   nicolae_temple_ecumenical_triangle

Skill      XL: |  1  2  3  4  5  6 |
---------------+-------------------+-----
Dodging        | 1 2 3 |  3.1
Axes           | 2 3 |  3.5
Armour         | 2 3 |  3.5
Invocations    | 3 4 5 |  5.1
Fighting       | 4 |  4.4

Action                   |  1- 3 |  4- 6 |  7- 9 || total
-------------------------+-------+-------+-------++-------
Melee: Hand axe          |   135 |   119 |     7 ||   261
       Tailslap          |     8 |    17 |     1 ||    26
       Punch             |       |     1 |       ||     1
Throw: Dart              |       |     2 |       ||     2
       Throwing net      |       |     2 |       ||     2
Invok: Depart the Abyss  |     1 |       |       ||     1
  Use: Scroll            |       |    10 |       ||    10
Armor: Leather armour    |     2 |       |       ||     2
       Scale mail        |    39 |    26 |       ||    65
       Chain mail        |       |    24 |     5 ||    29
Dodge: Dodged            |    48 |    56 |     2 ||   106
